 Dungeon Crawl Stone Soup version 0.29-a0-770-g2e8140cf71 (webtiles) character file.

Game seed: 12710352021276107014

189 British0li the Slasher (level 5, -3/42 HPs)
             Began as a Demonspawn Gladiator on July 1, 2022.
             Slain by a gnoll
             ... wielding a +0 halberd
             ... led by a bouda
              (9 damage)
             ... on level 4 of the Dungeon.
             The game lasted 00:03:48 (3418 turns).

British0li the Slasher (Demonspawn Gladiator)       Turns: 3418, Time: 00:03:50

Health: -3/42      AC: 17    Str: 17    XL:     5   Next: 40%
Magic:  5/5        EV:  5    Int:  9    God:
Gold:   136        SH:  0    Dex: 14    Spells: 4/4 levels left

rFire   + . .      SeeInvis .   a - +0 long sword
rCold   . . .      Faith    .   (no shield)
rNeg    . . .      Spirit   .   r - +0 plate armour
rPois   .          Reflect  .   c - +0 helmet
rElec   .          Harm     .   s - +1 cloak {Stlth+}
rCorr   .          Rampage  .   (no gloves)
Will    .....                   (no boots)
Stlth   ..........              (no amulet)
HPRegen 0.14/turn               (no ring)
MPRegen 0.09/turn               (no ring)

@: no status effects
A: hooves 1, molten scales 3
a: no special abilities


You were on level 4 of the Dungeon.
You visited 1 branch of the dungeon, and saw 4 of its levels.

You collected 136 gold pieces.

Inventory:

Hand Weapons
 a - a +0 long sword (weapon)
Missiles
 d - 3 throwing nets (quivered)
 e - a javelin
Armour
 b - a +0 leather armour
 c - a +0 helmet (worn)
 r - a +0 plate armour (worn)
 s - a +1 cloak of stealth (worn)
Scrolls
 g - 2 scrolls of teleportation {unknown}
 h - a scroll of acquirement {unknown}
 k - a scroll of brand weapon {unknown}
 l - 2 scrolls of fog {unknown}
 p - a scroll of poison {unknown}
 q - a scroll of amnesia {unknown}
 t - a scroll of fear {unknown}
 u - a scroll of torment {unknown}
 v - 2 scrolls of identify {unknown}
 x - a scroll of magic mapping {unknown}
 y - a scroll of summoning {unknown}
Potions
 f - a potion of degeneration {unknown}
 i - 2 potions of cancellation {unknown}
 j - a potion of invisibility {unknown}
 m - 2 potions of curing {unknown}
 n - 2 potions of mutation {unknown}
 o - a potion of might {unknown}
 w - a potion of lignification {unknown}


   Skills:
 * Level 3.7 Fighting
 * Level 4.1 Long Blades
 - Level 2.0 Throwing
 + Level 3.4 Dodging


You had 4 spell levels left.
You didn't know any spells.
Your spell library was empty.

Dungeon Overview and Level Annotations

Branches:
Dungeon (4/15)
 Temple: D:4-7

Altars:
Kikubaaqudgha
Makhleb


Innate Abilities, Weirdness & Mutations

You have large cloven feet.
You are completely covered in molten scales. (AC +4, rF+)


Message History

You hit the gnoll.
The gnoll is moderately wounded.
The gnoll hits you but does no damage. The gnoll barely misses you.
There are monsters nearby!
You hit the gnoll. You kick the gnoll.
The gnoll is almost dead.
The gnoll hits you but does no damage. x2
The gnoll hits you from afar with a +0 halberd.
There are monsters nearby!
You hit the gnoll.
You kill the gnoll!
The gnoll barely misses you. The bouda hits you with a +0 club!
There are monsters nearby!
There are monsters nearby!
You are too injured to fight recklessly!
There are monsters nearby!
You are too injured to fight recklessly!
There are monsters nearby!
You are too injured to fight recklessly!
You are too injured to fight recklessly!
There are monsters nearby!
You are too injured to fight recklessly!
You are too injured to fight recklessly!
You are too injured to fight recklessly!
You hit the bouda but do no damage.
Your attacks no longer feel as feeble.
The gnoll hits you from afar with a +0 halberd!
The bouda completely misses you.
You barely miss the bouda. The gnoll barely misses you.
The bouda barely misses you.
You completely miss the bouda. You kick the bouda, but do no damage.
The gnoll hits you from afar with a +0 halberd.
The bouda hits you but does no damage.
You slash the bouda! You kick the bouda, but do no damage.
The bouda is moderately wounded.
The gnoll hits you from afar with a +0 halberd!
* * * LOW HITPOINT WARNING * * *
The bouda hits you but does no damage.
The gnoll hits you from afar with a +0 halberd!
You die...

#################
...[ggg@........#
....gS########..#
...## #..# ## #
#..# #.
##.###..#######.
................
##.##..########.
.....# #. #.##.##
##


You could see a bouda, 3 gnolls and a ball python.

Vanquished Creatures
  Crazy Yiuf (D:2)
  4 gnolls
  5 adders
  2 worms
  3 dart slugs
  3 orcs (D:3)
  2 ball pythons (D:2)
  3 bats
  5 endoplasms
  4 giant cockroaches
  10 goblins
  3 hobgoblins (D:2)
  3 jackals (D:1)
  7 kobolds
  A quokka (D:2)
  A frilled lizard (D:2)
  5 rats
62 creatures vanquished.

Notes
Turn   | Place    | Note
-------+----------+-------------------------------------------
     0 | D:1      | British0li the Demonspawn Gladiator began the quest for the
                  | Orb.
     0 | D:1      | Reached XP level 1. HP: 16/16 MP: 1/1
   188 | D:1      | Gained mutation: You are partially covered in molten
                  | scales. (AC +2) [demonic ancestry]
   188 | D:1      | Reached XP level 2. HP: 17/22 MP: 2/2
   341 | D:1      | Reached skill level 3 in Long Blades
  1138 | D:2      | Gained mutation: You have large cloven feet. [demonic
                  | ancestry]
  1138 | D:2      | Reached XP level 3. HP: 17/28 MP: 3/3
  1999 | D:2      | Gained mutation: You are mostly covered in molten scales.
                  | (AC +3) [demonic ancestry]
  1999 | D:2      | Reached XP level 4. HP: 28/35 MP: 4/4
  2270 | D:2      | Found a runed translucent door.
  2271 | D:2      | Noticed Crazy Yiuf
  2400 | D:2      | Found an ancient bone altar of Kikubaaqudgha.
  2634 | D:2      | Killed Crazy Yiuf
  2853 | D:3      | Gained mutation: You are completely covered in molten
                  | scales. (AC +4, rF+) [demonic ancestry]
  2853 | D:3      | Reached XP level 5. HP: 41/41 MP: 5/5
  2890 | D:3      | You fall into a shaft and drop 1 floor!
  3102 | D:3      | Reached skill level 4 in Long Blades
  3174 | D:3      | Found a burning altar of Makhleb.
  3227 | D:3      | Found a faded altar of an unknown god.
  3418 | D:4      | Slain by a gnoll

Illustrated notes

Levels and vault maps discovered:
D:1:      eino_arrival_druids_welcome, layout_basic
D:2:      layout_loops_cross, basic_altar, minmay_fountain_box,
          uniq_crazy_yiuf_cottage
D:3:      layout_rooms, general_overflow_altar,
          hellmonk_ecumenical_altar_run_dry
D:4:      layout_loops_ring, mainiacjoe_overflow_cross_hatched,
          gammafunk_ghost_smash

Skill      XL: |  1  2  3  4  5 |
---------------+----------------+-----
Throwing       | 2 |  2.0
Long Blades    | 3 4 |  4.1
Dodging        | 3 |  3.4
Fighting       | 3 |  3.7

Action                   |  1- 3 |  4- 6 || total
-------------------------+-------+-------++-------
Melee: Long sword        |   104 |    80 ||   184
       Kick              |     7 |    20 ||    27
       Punch             |     1 |       ||     1
 Stab: Sleeping          |     1 |       ||     1
Armor: Leather armour    |    53 |     3 ||    56
       Plate armour      |       |    62 ||    62
Dodge: Dodged            |    80 |    34 ||   114

Table legend: (Time is in decaauts)
 A = Elapsed time spent in this place.
 B = Non-inter-level travel time spent in this place.
 C = Inter-level travel time spent in this place.
 D = Time resting spent in this place.
 E = Time spent auto-exploring this place.
 F = Levels seen in this place.
 G = Mean time per level.
                   A        B        C        D        E       F      G
               +--------+--------+--------+--------+--------+-----+--------+
         Total |   3458 |   3354 |    104 |      0 |   2893 |   4 |  864.5 |
       Dungeon |   3458 |   3354 |    104 |      0 |   2893 |   4 |  864.5 |
               +--------+--------+--------+--------+--------+-----+--------+

Top non-repeatable levels by time:
     D:2: 1726 daAuts
     D:1: 1139 daAuts
     D:3: 508 daAuts
     D:4: 85 daAuts
